 Dungeon Crawl Stone Soup version 0.30-a0-924-g0ad0bf95bc (webtiles) character file.

Game seed: 7570448049965671369

2097 bearlyready the Cleaver (level 9, -10/108 HPs)
             Began as an Armataur Berserker on Mar 23, 2023.
             Was a Priest of Trog.
             Mangled by an orc warrior
             ... wielding a +0 glaive
              (12 damage)
             ... in a bailey.
             The game lasted 00:10:59 (6914 turns).

bearlyready the Cleaver (Armataur Berserker)        Turns: 6914, Time: 00:10:59

Health: -10/108    AC: 10    Str: 27    XL:     9   Next: 7%
Magic:  9/9        EV:  9    Int:  7    God:    Trog [***...]
Gold:   108        SH:  0    Dex: 10    Spells: 8/8 levels left

rFire   . . .      SeeInvis .    F - +0 hand axe (elec)
rCold   . . .      Faith    .    (no shield)
rNeg    + . .      Spirit   .    p - quicksilver dragon scales
rPois   .          Reflect  .    B - +0 helmet
rElec   .          Roll     +    (no cloak)
rCorr   .                        m - +0 pair of gloves
Will    +....                    (no barding) Stlth
                                 o - amulet of magic regeneration
HPRegen 0.38/turn                n - ring of positive energy
MPRegen 0.51/turn                (no ring)

@: berserking, very quick
A: large, rugged brown scales 3, deformed body, armoured tail, roll, long
tongue, awkward tongue
a: Renounce Religion, Berserk, Trog's Hand


You were in a bailey.
You worshipped Trog.
Trog was most pleased with you.
You visited 1 branch of the dungeon, and saw 7 of its levels.
You also visited: Bailey.

You collected 316 gold pieces.
You spent 208 gold pieces at shops.

Inventory:

Hand Weapons
 a - a +0 hand axe
 x - a +0 war axe
 F - a +0 hand axe of electrocution (weapon)
Missiles
 y - 7 poisoned darts (quivered)
 z - 6 boomerangs
Armour
 b - a +0 animal skin
 h - a +0 ring mail
 m - a +0 pair of gloves (worn)
 p - quicksilver dragon scales (worn)
 B - a +0 helmet (worn)
Jewellery
 n - a ring of positive energy (left hand)
 o - an amulet of magic regeneration (around neck)
 C - a ring of fire
Scrolls
 i - 4 scrolls of poison
 j - 5 scrolls of blinking
 l - a scroll of silence
 q - a scroll of fog {unknown}
 r - 2 scrolls of teleportation
 s - 3 scrolls of enchant weapon
 t - a scroll of vulnerability
 E - a scroll of noise {unknown}
Potions
 c - 4 potions of resistance
 d - a potion of invisibility {unknown}
 e - 2 potions of mutation {unknown}
 g - 2 potions of curing
 k - 2 potions of attraction
 v - a potion of cancellation {unknown}
 w - 3 potions of lignification
 A - 2 potions of degeneration
 D - 4 potions of might


   Skills:
 - Level 2.6 Fighting
 + Level 10.4 Axes
 - Level 2.4 Armour
 - Level 1.3 Dodging


You had 8 spell levels left.
You didn't know any spells.
Your spell library was empty.

Dungeon Overview and Level Annotations

Branches:
Dungeon (7/15)             Temple (0/1) D:4          Bailey (1/1)

Altars:
The Shining One

Shops:
D:3 ?:

Annotations:
D:4 3 runed translucent doors, ZappyNine's ghost, amateur DrGl


Innate Abilities, Weirdness & Mutations

You are completely covered in rugged brown scales. (AC +3, +7% HP)
Armour fits poorly on your strangely shaped body.
You have a long armoured tail.
You roll when moving toward enemies. (Rampage)
Your long tongue fully drains potion bottles. (2x potion effects)
Your tongue gives you trouble enunciating. (1.5x scroll delay)


Message History

A red film seems to cover your vision as you go berserk!
You feel yourself moving faster!
You feel mighty!
You roll towards the orc warrior!
You feel a strong urge to attack something.
You hit the orc warrior.
The orc warrior is lightly wounded.
The orc warrior hits you with a +0 halberd!
The orc warrior hits you from afar with a +0 glaive!
You closely miss the orc warrior.
The orc warrior is lightly wounded.
You barely miss the orc warrior. You tail-slap the orc warrior!
The orc warrior is heavily wounded.
The orc warrior hits you with a +0 halberd.
The orc warrior hits you from afar with a +0 glaive!
* * * LOW HITPOINT WARNING * * *
You barely miss the orc warrior.
The orc warrior is heavily wounded.
You slice the orc warrior!!
Lightning courses through the orc warrior!
You feel the power of Trog in you as your rage grows.
You kill the orc warrior!
Trog accepts your kill.
The orc warrior hits you from afar with a +0 glaive!
* * * LOW HITPOINT WARNING * * *
Found a +0 plate armour.
The orc warrior hits you with a +0 glaive!
* * * LOW HITPOINT WARNING * * *
You closely miss the orc warrior.
The orc warrior is moderately wounded.
You hit the orc warrior.
You tail-slap the orc warrior, but do no damage.
The orc warrior is heavily wounded.
The orc warrior hits you with a +0 glaive!
* * * LOW HITPOINT WARNING * * *
You hit the orc warrior.
The orc warrior is heavily wounded.
You slash the orc warrior!
The orc warrior is almost dead.
The orc warrior hits you with a +0 glaive!
You die...

.....~~..##
##..~~).))......#
~~~~~~..##[
##..~~~)~~~~~~.#
.......##...
##....).....~.# ########
##'#############.~.# .$
........##.....##.~.#
#.$
≈≈≈.§≈≈..#'...##..~.#
#.#
≈.(...§≈§)##.##..~~.# +#
...⌠§§§≈§..#'#..~~.##
§§⌠∩§...@..#'#..~~.∩#
§.§..(§≈o.## ##..~~.#
§§§§≈§§(.## ##..~.#
.§..§§..## ##.~.#
###+###'#########.~.#
#.... ##.)..).....~.# ~
#.∩.##..~~~~~~~~~~.# ~~.
##).~~..........#
.~~..###..)~..##########


You could see an orc warrior.

Vanquished Creatures
  Sigmund (D:2)
  Edmund (D:6)
  A water moccasin (D:6)
  Duvessa (D:7)
  4 orc warriors (Bailey)
  A black bear (D:6)
  An ice beast (D:5)
  3 bullfrogs
  2 killer bees (D:7)
  Dowan (D:7)
  5 orc priests
  2 jellies
  Jessica (D:2)
  3 iguanas
  3 orc wizards
  Robin (D:3)
  7 adders
  2 shadow imps
  3 white imps (D:6)
  An ufetubus (D:6)
  3 worms
  2 dart slugs
  30 orcs
  6 endoplasms
  2 giant cockroaches
  6 hobgoblins
  11 jackals
  6 kobolds
  6 quokkas
  8 ball pythons
  6 bats
  3 frilled lizards
  18 goblins
  7 rats
158 creatures vanquished.

Vanquished Creatures (others)
  A sky beast (D:6)
1 creature vanquished.

Grand Total: 159 creatures vanquished

Notes
Turn   | Place    | Note
-------+----------+-------------------------------------------
     0 | D:1      | bearlyready the Armataur Berserker began the quest for the
                  | Orb.
     0 | D:1      | Reached XP level 1. HP: 19/19 MP: 1/1
   253 | D:1      | Found a faded altar of an unknown god.
   289 | D:1      | Reached skill level 3 in Axes
   289 | D:1      | Reached XP level 2. HP: 24/26 MP: 2/2
  1117 | D:2      | Reached XP level 3. HP: 32/32 MP: 3/3
  1152 | D:2      | Reached skill level 4 in Axes
  1161 | D:2      | Reached XP level 4. HP: 6/39 MP: 4/4
  1347 | D:2      | You fall into a shaft and drop 2 floors!
  1442 | D:4      | Reached XP level 5. HP: 23/44 MP: 5/5
  1554 | D:4      | Reached skill level 5 in Axes
  1852 | D:3      | Reached ** piety under Trog
  2495 | D:2      | Noticed Jessica
  2499 | D:2      | Noticed Sigmund
  2507 | D:2      | Killed Sigmund
  2508 | D:2      | Reached skill level 6 in Axes
  2508 | D:2      | Reached XP level 6. HP: 53/53 MP: 6/6
  2510 | D:2      | Killed Jessica
  3086 | D:3      | Found Caleut's Magic Scroll Shop.
  3094 | D:3      | Bought a scroll of blinking for 82 gold pieces
  3094 | D:3      | Bought a scroll of identify for 22 gold pieces
  3094 | D:3      | Bought a scroll of enchant weapon for 82 gold pieces
  3094 | D:3      | Bought a scroll of identify for 22 gold pieces
  3099 | D:3      | Found Xedwinoc's Vocational Training.
  3201 | D:3      | Noticed Robin
  3209 | D:3      | Killed Robin
  3618 | D:3      | Found a glowing golden altar of the Shining One.
  3667 | D:4      | Found a staircase to the Ecumenical Temple.
  4003 | D:4      | Noticed ZappyNine's ghost (amateur DrGl)
  4005 | D:4      | Found a runed translucent gate.
  4005 | D:4      | Found a runed translucent gate.
  4005 | D:4      | Found a runed translucent gate.
  4290 | D:5      | Entered Level 5 of the Dungeon
  4462 | D:5      | Noticed an ice beast
  4474 | D:5      | Killed an ice beast
  4475 | D:5      | Reached XP level 7. HP: 55/59 MP: 7/7
  4478 | D:5      | Reached skill level 7 in Axes
  4693 | D:5      | Reached *** piety under Trog
  5388 | D:6      | Noticed Edmund
  5409 | D:6      | Killed Edmund
  5410 | D:6      | Reached skill level 8 in Axes
  5413 | D:6      | Reached XP level 8. HP: 45/66 MP: 8/8
  6036 | D:6      | Reached skill level 9 in Axes
  6291 | D:7      | Found a flagged portal.
  6291 | D:7      | Noticed Duvessa
  6291 | D:7      | Noticed Dowan
  6298 | D:7      | Killed Duvessa
  6304 | D:7      | Killed Dowan
  6359 | Bailey   | Entered a bailey
  6557 | Bailey   | Reached skill level 10 in Axes
  6740 | Bailey   | Reached XP level 9. HP: 43/72 MP: 9/9
  6912 | Bailey   | HP: 2/108 [orc warrior/+0 glaive (7)]
  6914 | Bailey   | Mangled by an orc warrior

Illustrated notes

Levels and vault maps discovered:
D:1:      dpeg_arrival_leaves_temple_mockup, layout_basic,
          ebering_ecumenical_altar_mist, serial_rivers,
          chequers_serial_rivers_large_b, chequers_serial_rivers_micro_c,
          chequers_serial_rivers_micro_b, chequers_serial_rivers_room_a,
          chequers_serial_rivers_micro_a, chequers_serial_rivers_small_3
D:2:      layout_loops_corners, hangedman_decor_peaks_small, grunt_ministairs_9,
          uniq_sigmund, uniq_jessica
D:3:      layout_basic, nicolae_tso_swordbearing_angel, serial_shops,
          nicolae_square_shop, minivault_27, nicolae_shop_vocational, uniq_robin
D:4:      cheibrodos_pilgrimage, layout_basic, minmay_temple_entry_purple_smoke,
          biasface_ghost_orc_armoury, serial_park_tiny_1
D:5:      layout_basic
D:6:      layout_rooms, serial_demonic, serial_demonic_c, serial_demonic_a,
          serial_demonic_d, serial_demonic_a, serial_demonic_b, uniq_edmund
D:7:      layout_loops_ring, enter_bailey_5, kennysheep_generic_room_11,
          uniq_duvessa, uniq_crazy_yiuf_cottage, uniq_maggie
Bailey:   bailey_polearm_1, bailey

Skill      XL: |  1  2  3  4  5  6  7  8 |
---------------+-------------------------+-----
Axes           | 3 4 6 8 10 | 10.4
Fighting       | |  2.6
Armour         | |  2.4
Dodging        | |  1.3

Action                     |  1- 3 |  4- 6 |  7- 9 || total
---------------------------+-------+-------+-------++-------
  Melee: Hand axe          |    72 |   209 |   223 ||   504
         Tailslap          |     3 |    22 |    28 ||    53
         Punch             |       |       |     5 ||     5
  Throw: Dart              |       |       |     6 ||     6
 Invoke: Berserk           |     1 |     4 |     6 ||    11
         Trog's Hand       |       |       |     1 ||     1
  Evoke: Wand              |       |       |     2 ||     2
    Use: Scroll            |       |     8 |     2 ||    10
   Stab: Sleeping          |     1 |       |       ||     1
 Armour: Animal skin       |    25 |       |       ||    25
         Ring mail         |       |    25 |       ||    25
         Quicksilver drago |       |    55 |   114 ||   169
  Dodge: Dodged            |    36 |    75 |   124 ||   235

Table legend: (Time is in decaauts)
 A = Elapsed time spent in this place.
 B = Non-inter-level travel time spent in this place.
 C = Inter-level travel time spent in this place.
 D = Time resting spent in this place.
 E = Time spent auto-exploring this place.
 F = Levels seen in this place.
 G = Mean time per level.
                   A        B        C        D        E       F      G
               +--------+--------+--------+--------+--------+-----+--------+
         Total |   6970 |   6734 |    236 |     64 |   5594 |   8 |  871.2 |
       Dungeon |   6413 |   6177 |    236 |     31 |   5188 |   7 |  916.1 |
        Bailey |    556 |    556 |      0 |     32 |    406 |   1 |  556.0 |
               +--------+--------+--------+--------+--------+-----+--------+

Top non-repeatable levels by time:
     D:2: 1137 daAuts
     D:1: 1123 daAuts
     D:5: 1080 daAuts
     D:4: 1044 daAuts
     D:3: 1024 daAuts
     D:6: 815 daAuts
  Bailey: 556 daAuts
     D:7: 188 daAuts
